 Dungeon Crawl Stone Soup version 0.28-a0-1190-g77e1c55843 (webtiles) character file.

Game seed: 16521242876749817205

567 ChaosChampion the Magician (level 7, -1/45 HPs)
             Began as a Djinni Fire Elementalist on Dec 18, 2021.
             Slain by an orc (9 damage)
             ... on level 4 of the Dungeon.
             The game lasted 00:06:43 (5815 turns).

ChaosChampion the Magician (DjFE)                   Turns: 5815, Time: 00:06:44

Health: -1/45      AC:  2    Str: 13    XL:     7   Next: 59%
Gold:   157        EV: 12    Int: 18    God:
                   SH:  0    Dex: 14

rFire   + + .      SeeInvis .   (no weapon)
rCold   x . .      Faith    .   (no shield)
rNeg    . . .      Spirit   .   a - +0 robe
rPois   ∞          Reflect  .   (no helmet)
rElec   .          Harm     .   (no cloak)
rCorr   .          Rampage  .   (no gloves)
Will    .....                   (boots unavailable)
Stlth   ++........              (no amulet)
HPRegen 0.15/turn               h - +6 ring of strength
MPRegen 0.00/turn               (no ring)

@: flying, hasted, very quick
A: sickness immunity, fire resistance 2, cold vulnerability 1, float, innate
caster, hp casting, extra vitality 1
a: no special abilities


You were on level 4 of the Dungeon.
You visited 1 branch of the dungeon, and saw 5 of its levels.

You collected 157 gold pieces.

Inventory:

Armour
 a - a +0 robe (worn)
Jewellery
 h - a +6 ring of strength (left hand)
Wands
 n - a wand of flame (19)
 t - a wand of acid (8)
Scrolls
 c - a scroll of teleportation {unknown}
 d - a scroll of immolation {unknown}
 e - a scroll of torment {unknown}
 f - 5 scrolls of identify {unknown}
 i - a scroll of fear {unknown}
 j - a scroll of summoning {unknown}
 l - 3 scrolls of enchant weapon {unknown}
 m - a scroll of vulnerability {unknown}
 p - a scroll of blinking {unknown}
 q - a scroll of amnesia {unknown}
 s - a scroll of enchant armour {unknown}
Potions
 b - a potion of curing {unknown}
 g - a potion of brilliance {unknown}
 o - a potion of heal wounds {unknown}
 r - a potion of invisibility {unknown}


   Skills:
 - Level 2.4 Dodging
 - Level 1.8 Stealth
 + Level 6.2 Spellcasting


You couldn't memorise any spells.
You knew the following spells:

 Your Spells              Type           Power      Damage    Failure   Level
a - Foxfire               Conj/Fire      100%       2x1d9     1%          1
b - Scorch                Fire           56%        2d7       1%          2
c - Conjure Flame         Conj/Fire      28%        6-21      2%          3
d - Inner Flame           Hex/Fire       28%        N/A       2%          3
e - Flame Wave            Conj/Fire      28%        2d6       9%          4
f - Beastly Appendage     Tmut           56%        N/A       1%          1
g - Wereblood             Tmut           28%        N/A       1%          2
h - Dazzling Flash        Conj/Hex       56%        N/A       2%          3
Your spell library was empty.

Dungeon Overview and Level Annotations

Branches:
Dungeon (5/15)
 Temple: D:4-7

Altars:
Elyvilon
Kikubaaqudgha
Sif Muna
Yredelemnul
The Shining One


Innate Abilities, Weirdness & Mutations

You are immune to sickness and miasma.
You are immune to poison.
Your flesh is very heat resistant. (rF++)
You are vulnerable to cold. (rC-)
You float through the air rather than walking.
You learn spells naturally, not from books.
Your magical power is your life essence.
You have superior vitality. (+4 HP)


Message History

Done exploring.
Done exploring.
Done exploring.
Done exploring.
(D) Dungeon
Where to? (Enter - D:5, ? - help)
What level of the Dungeon? (default 1, ? - help)
There is a stone staircase leading down here.
You fly downwards.
The orc shouts!
You hear a shout!
The iguana bites you.
The orc hits you with the +4 short sword "Xoroqex" {vorpal, MP+9 Int+5}.
The orc misses you. The iguana closely misses you.
There is a stone staircase leading up here.
Casting: Scorch (safe; 1% risk of failure)
Confirm with . or Enter, or press ? or * to list all spells.
Aiming: Inner Flame (dangerous; 2% risk of failure)
Press: ? - help, Dir - move target, f - orc
Aim: an orc, wielding the +4 short sword "Xoroqex" {vorpal, MP+9 Int+5} (chance to affect: 93%)
The orc is filled with an inner flame.
The iguana barely misses you.
The orc priest looks braver for a moment.
The iguana barely misses you.
Casting: Inner Flame (dangerous; 2% risk of failure)
Confirm with . or Enter, or press ? or * to list all spells.
Flames lash the iguana.
The iguana is moderately wounded.
The iguana's fire resistance burns away.
The iguana bites you.
The orc hits you with the +4 short sword "Xoroqex" {vorpal, MP+9 Int+5}!
The iguana closely misses you. The iguana closely misses you.
The orc hits you with the +4 short sword "Xoroqex" {vorpal, MP+9 Int+5}.
* * * LOW HITPOINT WARNING * * *
x2 The iguana barely misses you.
You fly upwards.
There is a stone staircase leading down here.
Okay, then.
You feel yourself speed up. The iguana misses you.
The orc hits you with the +4 short sword "Xoroqex" {vorpal, MP+9 Int+5}!
You die...

## ######### #..... .#
##...#...## #..... .#
##.........## #..### .#
#....)......########..'.. .###
#......:..............### ...#
#.....[......########....
##.#######[.)).....#...# ####.
............)..lo...##.##### #...
###.............@l.........###.##
##..#####...##########.######..#
##.## ##.....## ##..<..#......##
#..# #.......###.............##
#.#####.......##...............##
.....#.........#...............##
.#####.........##................
.# #####.......#....<.........##
.# #⌠..####....#..............##


You could see 2 iguanas and an orc (inner flame).

Vanquished Creatures
  2 ogres (D:4)
  2 scorpions (D:4)
  2 hounds (D:4)
  Jessica (D:2)
  Natasha (thrice) (D:3)
  An orc wizard (D:4)
  2 adders
  An adder skeleton (D:4)
  3 dart slugs
  5 orcs
  2 endoplasms
  4 giant cockroaches
  7 goblins
  4 hobgoblins
  3 jackals (D:1)
  4 kobolds
  4 quokkas
  14 ball pythons
  2 bats (D:3)
  5 frilled lizards
  4 rats
75 creatures vanquished.

Vanquished Creatures (others)
  200 foxfires
  A fungus (D:1)
201 creatures vanquished.

Grand Total: 276 creatures vanquished

Notes
Turn   | Place    | Note
-------+----------+-------------------------------------------
     0 | D:1      | ChaosChampion the Djinni Fire Elementalist began the quest
                  | for the Orb.
     0 | D:1      | Reached XP level 1. HP: 15/15 MP: 0/0
    87 | D:1      | Reached XP level 2. HP: 10/21 MP: 0/0
   722 | D:1      | Reached XP level 3. HP: 18/25 MP: 0/0
   722 | D:1      | Learned a level 1 spell: Beastly Appendage
   724 | D:1      | Reached skill level 3 in Spellcasting
  1158 | D:1      | Found a faded altar of an unknown god.
  1844 | D:2      | Reached XP level 4. HP: 29/31 MP: 0/0
  1878 | D:2      | Noticed Jessica
  1885 | D:2      | Killed Jessica
  3252 | D:3      | Noticed Natasha
  3259 | D:3      | Killed Natasha
  3260 | D:3      | Reached skill level 4 in Spellcasting
  3260 | D:3      | Reached XP level 5. HP: 24/35 MP: 0/0
  3260 | D:3      | Learned a level 2 spell: Wereblood
  3509 | D:3      | Noticed Natasha
  3514 | D:3      | Killed Natasha
  3703 | D:3      | Found a faded altar of an unknown god.
  3763 | D:3      | Noticed Natasha
  3767 | D:3      | Killed Natasha
  3875 | D:3      | Found a glowing golden altar of the Shining One.
  3941 | D:3      | Found a white marble altar of Elyvilon.
  4237 | D:4      | Reached XP level 6. HP: 34/40 MP: 0/0
  4240 | D:4      | Reached skill level 5 in Spellcasting
  4250 | D:4      | Noticed an ogre
  4254 | D:4      | Killed an ogre
  4255 | D:4      | Reached XP level 7. HP: 17/45 MP: 0/0
  4255 | D:4      | Learned a level 3 spell: Dazzling Flash
  4964 | D:4      | Reached skill level 6 in Spellcasting
  5225 | D:4      | Found a basalt altar of Yredelemnul.
  5315 | D:5      | Entered Level 5 of the Dungeon
  5319 | D:5      | Identified the +4 short sword "Xoroqex" {vorpal, MP+9
                  | Int+5}
  5815 | D:4      | Slain by an orc

Illustrated notes

Levels and vault maps discovered:
D:1:      erik_arrival_cave_to_civilisation [erik_arrival_cave_to_hall],
          layout_rooms, shapermc_ecumenical_altar_acropolis,
          minmay_shallow_snake_nest
D:2:      layout_basic, uniq_jessica
D:3:      layout_rooms, mainiacjoe_overflow_six_doors_small,
          nicolae_overflow_ecumenical_swirl, lemuel_coloured_pillars_altar,
          serial_curves, eino_curves_04, eino_curves_03, uniq_natasha
D:4:      kennysheep_spiral_hall, layout_rooms,
          mainiacjoe_overflow_surrounded_room,
          nicolae_kikubaaqudgha_miasma_corner, hangedman_decor_peaks_small,
          minmay_misc_feat_room, chequers_avenue
D:5:      layout_rooms, uniq_grinder

Skill      XL: |  1  2  3  4  5  6  7 |
---------------+----------------------+-----
Spellcasting   | 3 4 5 6 |  6.2
Dodging        | |  2.4
Stealth        | |  1.8

Action                   |  1- 3 |  4- 6 |  7- 9 || total
-------------------------+-------+-------+-------++-------
Melee: Unarmed           |     4 |       |       ||     4
 Cast: Foxfire           |    68 |    52 |    11 ||   131
       Scorch            |       |    25 |     8 ||    33
       Conjure Flame     |       |     5 |       ||     5
       Inner Flame       |       |     5 |     4 ||     9
  Use: Potion            |       |       |     1 ||     1
Armor: Robe              |     2 |       |       ||     2
Dodge: Dodged            |    13 |     7 |    10 ||    30

Table legend: (Time is in decaauts)
 A = Elapsed time spent in this place.
 B = Non-inter-level travel time spent in this place.
 C = Inter-level travel time spent in this place.
 D = Time resting spent in this place.
 E = Time spent auto-exploring this place.
 F = Levels seen in this place.
 G = Mean time per level.
                   A        B        C        D        E       F      G
               +--------+--------+--------+--------+--------+-----+--------+
         Total |   5816 |   5676 |    140 |    439 |   4688 |   5 | 1163.2 |
       Dungeon |   5816 |   5676 |    140 |    439 |   4688 |   5 | 1163.2 |
               +--------+--------+--------+--------+--------+-----+--------+

Top non-repeatable levels by time:
     D:4: 1697 daAuts
     D:2: 1491 daAuts
     D:3: 1434 daAuts
     D:1: 1184 daAuts
     D:5: 8 daAuts
